[Event "RUS-ch Women Blitz 2019"]
[Site "Sochi"]
[Date "2019.10.17"]
[Round "12.10"]
[White "Murashova, Ekaterina"]
[Black "Semenova, Elena"]
[Result "1-0"]
[ECO "C47"]
[WhiteElo "2248"]
[BlackElo "2282"]
[Annotator "NA"]
[PlyCount "67"]
[EventDate "2019.10.17"]
[EventType "swiss"]
[EventCountry "RUS"]
[SourceTitle "playchess.com"]
[Source "ChessBase"]
[SourceQuality "1"]
[TimeControl "180+2"]

1. e4 e5 2. Nf3 Nc6 3. Nc3 Nf6 4. d4 Bb4 5. Nxe5 Qe7 6. Qd3 Nxd4 7. Qxd4 Bc5 8. Qc4 Qxe5 9. f4 Qe7 10. Bd2 d6 11. O-O-O Be6 12. Qd3 Ng4 13. f5 Bd7 14. Nd5 Qd8 15. Qg3 h5 16. h3 c6 17. hxg4 cxd5 18. exd5 Qb6 19. Re1+ Kd8 20. Qb3 Qxb3 21. axb3 Kc7 22. gxh5 Rae8 23. Rxe8 Rxe8 24. g4 Re4 25. Bd3 Rxg4 26. f6 Bd4 27. fxg7 Bxg7 28. h6 Bh8 29. Bc3 Rg8 30. h7 Re8 31. Rg1 Bxc3 32. bxc3 f5 33. Rg8 Re1+ 34. Kd2 1-0

[Event "RUS-ch Women Blitz 2019"]
[Site "Sochi"]
[Date "2019.10.17"]
[Round "12.11"]
[White "Styazhkina, Anna"]
[Black "Kochukova, Anna"]
[Result "1-0"]
[ECO "B40"]
[WhiteElo "2280"]
[BlackElo "2143"]
[Annotator "NA"]
[PlyCount "121"]
[EventDate "2019.10.17"]
[EventType "swiss"]
[EventCountry "RUS"]
[SourceTitle "playchess.com"]
[Source "ChessBase"]
[SourceQuality "1"]
[TimeControl "180+2"]

1. e4 c5 2. Nf3 e6 3. c4 Nc6 4. Nc3 Nge7 5. d4 cxd4 6. Nxd4 Nxd4 7. Qxd4 Nc6 8. Qd1 Bc5 9. Be2 O-O 10. O-O b6 11. a3 Qf6 12. Be3 Bxe3 13. fxe3 Qg5 14. Rf3 Ne5 15. Rg3 Qf6 16. Qd4 g6 17. Rf1 Qg7 18. Nb5 Nc6 19. Qd2 Na5 20. Nd6 Nb7 21. Nb5 Nc5 22. Bf3 Bb7 23. Nd6 Bc6 24. b4 Nb7 25. Nxb7 Bxb7 26. Qxd7 Rab8 27. Rd1 Qe5 28. Qd4 Qg7 29. e5 Bxf3 30. Rxf3 Qh6 31. Qd7 Ra8 32. Rdf1 Qg7 33. Rf6 h5 34. c5 bxc5 35. bxc5 h4 36. h3 a5 37. c6 Rad8 38. Qa7 Rc8 39. c7 a4 40. Rc1 Qh6 41. Qd4 Qg5 42. Rf4 Qh5 43. Rxh4 Qe2 44. Rf4 Qa2 45. Qc3 Qe2 46. Rf2 Qb5 47. Rd2 Qa6 48. Qc6 Qa5 49. Qd7 Qxe5 50. Rd3 Qb2 51. Rcd1 Qa2 52. Qxc8 Rxc8 53. Rd8+ Kg7 54. Rxc8 Qb3 55. Rcd8 Qxe3+ 56. Kh1 Qxa3 57. c8=Q Qb3 58. Rg8+ Kh7 59. Qd8 Qb4 60. Rh8+ Kg7 61. Qg8+ 1-0

[Event "RUS-ch Women Blitz 2019"]
[Site "Sochi"]
[Date "2019.10.17"]
[Round "12.12"]
[White "Vifleemskaia, Svetlana"]
[Black "Shafigullina, Zarina"]
[Result "1-0"]
[ECO "E46"]
[WhiteElo "1978"]
[BlackElo "2295"]
[Annotator "NA"]
[PlyCount "141"]
[EventDate "2019.10.17"]
[EventType "swiss"]
[EventCountry "RUS"]
[SourceTitle "playchess.com"]
[Source "ChessBase"]
[SourceQuality "1"]
[TimeControl "180+2"]

1. d4 Nf6 2. c4 e6 3. Nc3 Bb4 4. e3 O-O 5. Nge2 d5 6. a3 Be7 7. c5 Nbd7 8. b4 e5 9. Bb2 exd4 10. exd4 Re8 11. g3 Nf8 12. Bg2 Bg4 13. O-O Qd7 14. Qd2 Bh3 15. Nf4 Bxg2 16. Kxg2 Ng6 17. h3 Bf8 18. Rfe1 Qf5 19. Nxg6 hxg6 20. b5 c6 21. a4 g5 22. Rad1 g6 23. Re2 g4 24. hxg4 Qxg4 25. Rde1 Bg7 26. f3 Qd7 27. Qd3 Rxe2+ 28. Rxe2 Re8 29. Rxe8+ Qxe8 30. Qe2 Qd7 31. Qd3 Ne8 32. Ne2 Nc7 33. b6 axb6 34. cxb6 Na6 35. Bc3 Qd8 36. a5 Qd6 37. Nf4 Qa3 38. Qe3 Kf8 39. Kf2 Qa2+ 40. Qd2 Qxd2+ 41. Bxd2 Bxd4+ 42. Ke2 Bc5 43. Kd3 Bb4 44. g4 Bxd2 45. Kxd2 Nc5 46. Nd3 Nb3+ 47. Kc3 Nxa5 48. Kd4 Nb3+ 49. Kc3 Na5 50. Kb4 Nc4 51. Kc5 Ke7 52. Nb4 Nd6 53. f4 f5 54. gxf5 gxf5 55. Kd4 Ke6 56. Nd3 Nc4 57. Kc5 Nd2 58. Ne5 Nb3+ 59. Kb4 Nd4 60. Kc5 Nb3+ 61. Kb4 Nd2 62. Nxc6 Kd6 63. Nd4 Nc4 64. Nxf5+ Kc6 65. Ne7+ Kxb6 66. Nxd5+ Kc6 67. Kxc4 b5+ 68. Kd4 Kd6 69. f5 Kd7 70. Ke5 Ke8 71. Ke6 1-0

[Event "RUS-ch Women Blitz 2019"]
[Site "Sochi"]
[Date "2019.10.17"]
[Round "13.2"]
[White "Voit, Daria"]
[Black "Bodnaruk, Anastasia"]
[Result "0-1"]
[ECO "A48"]
[WhiteElo "2336"]
[BlackElo "2419"]
[Annotator "NA"]
[PlyCount "130"]
[EventDate "2019.10.17"]
[EventType "swiss"]
[EventCountry "RUS"]
[SourceTitle "playchess.com"]
[Source "ChessBase"]
[SourceQuality "1"]
[TimeControl "180+2"]

1. d4 Nf6 2. Nf3 g6 3. c4 Bg7 4. Nc3 O-O 5. Bg5 c5 6. d5 h6 7. Bh4 d6 8. e3 g5 9. Bg3 Nh5 10. Nd2 Nxg3 11. hxg3 f5 12. Bd3 Na6 13. f4 e5 14. dxe6 Bxe6 15. fxg5 Qxg5 16. Kf2 Be5 17. Ne2 Nb4 18. Nf3 Qg7 19. Nf4 Rae8 20. Be2 Bf7 21. a3 Nc6 22. Rb1 Re7 23. b4 Rfe8 24. Rh3 Bf6 25. Nd5 Re4 26. Rb3 Bg5 27. Nxg5 hxg5 28. bxc5 dxc5 29. Rxb7 Na5 30. Rxa7 Nxc4 31. Bxc4 Rxc4 32. Ne7+ Rxe7 33. Rxe7 Qb2+ 34. Kg1 Rc1 35. Qxc1 Qxc1+ 36. Kh2 c4 37. Rh6 c3 38. Rf6 Bb3 39. Rb6 Bf7 40. Rf6 c2 41. Rfxf7 Qb2 42. Rc7 c1=Q 43. Rxc1 Qxc1 44. Rxf5 Qxe3 45. Rf3 Qc5 46. g4 Kg7 47. Kg3 Kg6 48. Kh2 Qc1 49. Rh3 Qf4+ 50. Rg3 Kf6 51. Kh3 Ke6 52. Rf3 Qc1 53. Kh2 Qc4 54. Rg3 Qf4 55. Kh3 Qf1 56. Kh2 Qd1 57. Re3+ Kd5 58. Rf3 Ke4 59. Rg3 Kf4 60. Rf3+ Kxg4 61. Rg3+ Kf5 62. Rf3+ Kg6 63. Rg3 Qd6 64. Kh3 Kh5 65. Re3 g4# 0-1

[Event "RUS-ch Women Blitz 2019"]
[Site "Sochi"]
[Date "2019.10.17"]
[Round "13.3"]
[White "Maltsevskaya, Aleksandra"]
[Black "Pogonina, Natalija"]
[Result "0-1"]
[ECO "A06"]
[WhiteElo "2333"]
[BlackElo "2479"]
[Annotator "ChessBase"]
[PlyCount "166"]
[EventDate "2019.10.17"]
[EventType "swiss"]
[EventCountry "RUS"]
[SourceTitle "playchess.com"]
[Source "ChessBase"]
[SourceQuality "1"]
[TimeControl "180+2"]

1. Nf3 d5 2. g3 Nf6 3. d3 e6 4. Nbd2 Be7 5. Bg2 O-O 6. O-O a5 7. e4 a4 8. a3 c5 9. exd5 exd5 10. d4 Nc6 11. dxc5 Bxc5 12. b4 axb3 13. Nxb3 Bb6 14. Nfd4 Bg4 15. f3 Ra4 16. Be3 Re8 17. Bf2 Bd7 18. Qd2 h6 19. Rfe1 Rxe1+ 20. Rxe1 Rxa3 21. Nb5 Ra2 22. Nd6 Bxf2+ 23. Qxf2 Nb4 24. Qc5 Nxc2 25. Re2 Nb4 26. Rxa2 Nxa2 27. Nxb7 Qc8 28. Nd6 Qxc5+ 29. Nxc5 Nc3 30. f4 Bc6 31. Nf5 Kf8 32. Nd4 Be8 33. h3 Nce4 34. Nxe4 dxe4 35. g4 g5 36. fxg5 hxg5 37. h4 gxh4 38. g5 Nh7 39. Bxe4 Nxg5 40. Bg2 Bd7 41. Bd5 Kg7 42. Kh2 Kf6 43. Bb7 Ke5 44. Ne2 Bg4 45. Ng1 Kf4 46. Bc6 f5 47. Kg2 Ke3 48. Bd7 Kf4 49. Bc6 Ne6 50. Bd7 Nd4 51. Bc8 Nc2 52. Bb7 Ne3+ 53. Kh2 Bh5 54. Nh3+ Ke5 55. Ng1 Bg4 56. Ba8 f4 57. Bf3 Bf5 58. Bc6 Be4 59. Bd7 f3 60. Nxf3+ Bxf3 61. Kh3 Ng2 62. Bc8 Kf4 63. Bd7 Kg5 64. Bc8 Nf4+ 65. Kh2 Bg4 66. Bb7 Kf5 67. Bc8+ Kg5 68. Bb7 Kf6 69. Bc6 Ke5 70. Bb7 Kd4 71. Bc6 Ke3 72. Bb7 Kf2 73. Bc6 h3 74. Bb7 Nd3 75. Bg2 Nf4 76. Be4 Be6 77. Bc6 Bc4 78. Bb7 Bf1 79. Be4 Ne6 80. Bf5 Ng5 81. Bg4 Nf3+ 82. Bxf3 Kxf3 83. Kg1 Kg3 0-1

[Event "RUS-ch Women Blitz 2019"]
[Site "Sochi"]
[Date "2019.10.17"]
[Round "13.4"]
[White "Afonasieva, Anna"]
[Black "Belenkaya, Dina"]
[Result "0-1"]
[ECO "D25"]
[WhiteElo "2312"]
[BlackElo "2300"]
[Annotator "NA"]
[PlyCount "138"]
[EventDate "2019.10.17"]
[EventType "swiss"]
[EventCountry "RUS"]
[SourceTitle "playchess.com"]
[Source "ChessBase"]
[SourceQuality "1"]
[TimeControl "180+2"]

1. d4 d5 2. Nf3 Nf6 3. c4 dxc4 4. e3 a6 5. Bxc4 e6 6. O-O c5 7. Nc3 b5 8. Be2 Nbd7 9. b3 Bb7 10. Bb2 Be7 11. Rc1 O-O 12. dxc5 Bxc5 13. Bd3 Qb6 14. e4 Rfd8 15. Qe2 Ng4 16. Bb1 Rac8 17. Nd1 f6 18. h3 Nge5 19. Nxe5 Nxe5 20. Kh1 Bd4 21. f4 Bxb2 22. Nxb2 Ng6 23. Rxc8 Rxc8 24. e5 f5 25. Qe1 Qd4 26. Nd3 Be4 27. Qf2 Qxf2 28. Nxf2 Bxb1 29. Rxb1 Nxf4 30. g3 Ne2 31. Kg2 Rc2 32. Kf3 Nc3 33. Re1 Rxa2 34. Rc1 Nd5 35. Rc8+ Kf7 36. Nd3 a5 37. Ra8 a4 38. Ra7+ Kg6 39. bxa4 bxa4 40. Nc5 Ra3+ 41. Kf2 Nc3 42. Nxe6 Ne4+ 43. Ke1 Nxg3 44. Rxg7+ Kh6 45. Rf7 Rf3 46. Nd4 Rf4 47. Nb5 Re4+ 48. Kf2 Nh5 49. Rxf5 Ng7 50. Rf6+ Kg5 51. Nd6 Rf4+ 52. Rxf4 Kxf4 53. Nc4 Ne6 54. Ke2 Ke4 55. Kf2 Kd4 56. Na3 Kc3 57. Kf3 Kd4 58. Kg4 Kxe5 59. Kh5 Kf4 60. Kh6 Nf8 61. Kg7 h5 62. Kxf8 h4 63. Ke7 Kg3 64. Kf6 Kxh3 65. Ke5 Kg2 66. Nc2 h3 67. Ne3+ Kf3 68. Nf1 a3 69. Kd4 a2 0-1

[Event "RUS-ch Women Blitz 2019"]
[Site "Sochi"]
[Date "2019.10.17"]
[Round "13.5"]
[White "Sukhareva, Evgeniya"]
[Black "Guseva, Marina"]
[Result "1-0"]
[ECO "E34"]
[WhiteElo "2122"]
[BlackElo "2366"]
[Annotator "NA"]
[PlyCount "63"]
[EventDate "2019.10.17"]
[EventType "swiss"]
[EventCountry "RUS"]
[SourceTitle "playchess.com"]
[Source "ChessBase"]
[SourceQuality "1"]
[TimeControl "180+2"]

1. d4 Nf6 2. c4 e6 3. Nc3 Bb4 4. Qc2 d5 5. cxd5 Qxd5 6. Nf3 Qf5 7. Qb3 Nc6 8. e3 O-O 9. Be2 Bd6 10. e4 Qg4 11. e5 Nxd4 12. Nxd4 Qxd4 13. exd6 cxd6 14. Be3 Qh4 15. Qa4 Qxa4 16. Nxa4 Bd7 17. Nc3 Bc6 18. O-O e5 19. f4 Rfe8 20. fxe5 dxe5 21. Rad1 a6 22. Bg5 Ne4 23. Nxe4 Bxe4 24. Bc4 Bg6 25. Rd7 Rf8 26. Be7 Rfc8 27. Bd5 Rc2 28. Ba3 Rac8 29. Bxb7 Re8 30. Bd5 e4 31. Bb3 Rc6 32. Rdxf7 1-0

[Event "RUS-ch Women Blitz 2019"]
[Site "Sochi"]
[Date "2019.10.17"]
[Round "13.6"]
[White "Kovanova, Baira"]
[Black "Murashova, Ekaterina"]
[Result "0-1"]
[ECO "A06"]
[WhiteElo "2344"]
[BlackElo "2248"]
[Annotator "NA"]
[PlyCount "128"]
[EventDate "2019.10.17"]
[EventType "swiss"]
[EventCountry "RUS"]
[SourceTitle "playchess.com"]
[Source "ChessBase"]
[SourceQuality "1"]
[TimeControl "180+2"]

1. Nf3 d5 2. g3 Nf6 3. Bg2 e6 4. O-O c5 5. d3 Nc6 6. Nbd2 g6 7. e4 Bg7 8. Qe2 O-O 9. Re1 a5 10. Nf1 b6 11. e5 Nd7 12. Bf4 Ba6 13. h4 a4 14. a3 b5 15. h5 h6 16. g4 g5 17. Bg3 Qb6 18. N1d2 b4 19. axb4 Qxb4 20. Rab1 Qxg4 21. c4 Nb4 22. Ra1 Qf5 23. Rxa4 Nxd3 24. Rd1 Nxb2 25. Rxa6 Rxa6 26. Rb1 Nxc4 27. Rc1 Ra2 28. Qe1 Nxd2 29. Nxd2 c4 30. Nb1 Rc2 31. Rd1 Rb8 32. Na3 Ra2 33. Nxc4 dxc4 34. Rxd7 Rb1 35. Rd8+ Kh7 36. Rd1 Rxd1 37. Qxd1 Rb2 38. Qd4 Re2 39. Bf1 Re4 40. Qd1 c3 41. Bd3 Bxe5 42. Qc2 Qg4 43. Bxe4+ f5 44. Bg2 Bxg3 45. fxg3 Qxg3 46. Qe2 Qd6 47. Qc2 Qd4+ 48. Kf1 Qd2 49. Qb3 Qc1+ 50. Ke2 Qd2+ 51. Kf1 Qd3+ 52. Kg1 Qd4+ 53. Kf1 Qd3+ 54. Kg1 Qe3+ 55. Kf1 Kg7 56. Qb7+ Kf6 57. Qc8 Ke5 58. Qc7+ Kf6 59. Qd8+ Ke5 60. Qc7+ Kd4 61. Qb6+ Kd3 62. Qb5+ Kd2 63. Qd7+ Qd3+ 64. Qxd3+ Kxd3 0-1

[Event "RUS-ch Women Blitz 2019"]
[Site "Sochi"]
[Date "2019.10.17"]
[Round "13.7"]
[White "Yakimova, Mariya"]
[Black "Charochkina, Daria"]
[Result "0-1"]
[ECO "A41"]
[WhiteElo "2276"]
[BlackElo "2355"]
[Annotator "NA"]
[PlyCount "76"]
[EventDate "2019.10.17"]
[EventType "swiss"]
[EventCountry "RUS"]
[SourceTitle "playchess.com"]
[Source "ChessBase"]
[SourceQuality "1"]
[TimeControl "180+2"]

1. d4 d6 2. Nf3 Nf6 3. c4 g6 4. g3 Bf5 5. Bg2 Bg7 6. O-O O-O 7. Nc3 Ne4 8. Nh4 Nxc3 9. bxc3 Bc8 10. Rb1 c6 11. e4 Nd7 12. Be3 Nb6 13. Qe2 Be6 14. Rb4 c5 15. dxc5 dxc5 16. Bxc5 Bxc3 17. Bxb6 axb6 18. Rb3 Bg7 19. Rfb1 Ra6 20. Nf3 Qc7 21. Nd2 Rfa8 22. Qe3 Rxa2 23. Rxb6 Ra1 24. h4 Bh6 25. Qd4 Bxd2 26. Rxa1 Rxa1+ 27. Kh2 Ra2 28. c5 Ba5 29. Rb1 Rd2 30. Qe3 Rd8 31. e5 Bd5 32. Bxd5 Rxd5 33. Rb5 Rxe5 34. Qa3 Be1 35. Qa8+ Kg7 36. Qa1 f6 37. Rb1 Bxf2 38. Rc1 Bxc5 0-1

[Event "RUS-ch Women Blitz 2019"]
[Site "Sochi"]
[Date "2019.10.17"]
[Round "13.8"]
[White "Ambartsumova, Karina"]
[Black "Vifleemskaia, Svetlana"]
[Result "1/2-1/2"]
[ECO "A34"]
[WhiteElo "2341"]
[BlackElo "1978"]
[Annotator "NA"]
[PlyCount "146"]
[EventDate "2019.10.17"]
[EventType "swiss"]
[EventCountry "RUS"]
[SourceTitle "playchess.com"]
[Source "ChessBase"]
[SourceQuality "1"]
[TimeControl "180+2"]

1. c4 c5 2. Nf3 Nf6 3. Nc3 d5 4. cxd5 Nxd5 5. e3 Nc6 6. Bb5 Nxc3 7. bxc3 Bd7 8. O-O e6 9. d4 a6 10. Bd3 b5 11. e4 cxd4 12. cxd4 Nb4 13. Bb1 Bd6 14. Be3 O-O 15. a3 Nc6 16. Qd3 e5 17. dxe5 Bxe5 18. Nxe5 Nxe5 19. Qd5 Nc4 20. Bc5 Re8 21. Rd1 Be6 22. Qh5 Qf6 23. Bd4 Qg6 24. Qe2 Bg4 25. f3 Be6 26. Bc2 Rad8 27. Bc5 Qh5 28. Bf2 h6 29. a4 Qg5 30. axb5 axb5 31. Rxd8 Rxd8 32. Rd1 Qe7 33. Rxd8+ Qxd8 34. h4 Qd6 35. Be1 Qd4+ 36. Bf2 Qc3 37. Qd3 Qxd3 38. Bxd3 b4 39. Bd4 b3 40. Kf2 Kf8 41. f4 f6 42. Ke2 Ke7 43. Kd1 Kd6 44. Kc1 Kc6 45. g3 Kb5 46. Bc3 Kc5 47. h5 Bg4 48. e5 Bxh5 49. exf6 gxf6 50. Bxf6 Bf7 51. g4 Kb4 52. g5 hxg5 53. fxg5 Ka3 54. g6 Bg8 55. Be7+ Ka2 56. Bb1+ Ka1 57. Bf6+ b2+ 58. Bxb2+ Nxb2 59. Bf5 Nc4 60. Be4 Nd6 61. Bd3 Ka2 62. Kc2 Ka3 63. Kc3 Ka4 64. Kd4 Ne8 65. Ke5 Kb4 66. Bf5 Kc5 67. Bd7 Ng7 68. Kf6 Nh5+ 69. Kg5 Ng7 70. Kh6 Ne6 71. Be8 Kd6 72. Bf7 Bxf7 73. gxf7 Ke7 1/2-1/2

[Event "RUS-ch Women Blitz 2019"]
[Site "Sochi"]
[Date "2019.10.17"]
[Round "13.9"]
[White "Markelova, Lubov"]
[Black "Chernyak, Viktoria"]
[Result "0-1"]
[ECO "A05"]
[WhiteElo "2198"]
[BlackElo "2284"]
[Annotator "NA"]
[PlyCount "52"]
[EventDate "2019.10.17"]
[EventType "swiss"]
[EventCountry "RUS"]
[SourceTitle "playchess.com"]
[Source "ChessBase"]
[SourceQuality "1"]
[TimeControl "180+2"]

1. Nf3 Nf6 2. c4 e6 3. e3 d5 4. d4 Be7 5. b3 O-O 6. Bd3 b6 7. Nc3 Bb7 8. cxd5 Nxd5 9. Nxd5 Bxd5 10. O-O Nd7 11. e4 Bb7 12. Bb2 Nf6 13. Qe2 c5 14. Rfd1 Qc7 15. Rac1 Qf4 16. dxc5 Bxc5 17. Be5 Qh6 18. Bb1 Rfd8 19. Bc7 Rdc8 20. Be5 Bxf2+ 21. Kxf2 Rxc1 22. Rxc1 Qxc1 23. Bd3 Ng4+ 24. Kg3 Nxe5 25. Nxe5 Qg5+ 26. Ng4 h5 0-1

[Event "RUS-ch Women Blitz 2019"]
[Site "Sochi"]
[Date "2019.10.17"]
[Round "13.10"]
[White "Vasilevich, Tatjana"]
[Black "Styazhkina, Anna"]
[Result "1-0"]
[ECO "D11"]
[WhiteElo "2360"]
[BlackElo "2280"]
[Annotator "NA"]
[PlyCount "69"]
[EventDate "2019.10.17"]
[EventType "swiss"]
[EventCountry "RUS"]
[SourceTitle "playchess.com"]
[Source "ChessBase"]
[SourceQuality "1"]
[TimeControl "180+2"]

1. d4 d5 2. c4 c6 3. Nf3 Nf6 4. e3 a6 5. Nc3 Bf5 6. Be2 h6 7. O-O e6 8. b3 Bb4 9. Bb2 O-O 10. a3 Bxc3 11. Bxc3 Ne4 12. Bb2 Nd7 13. Ne1 Bg6 14. Nd3 b5 15. c5 e5 16. f3 exd4 17. fxe4 dxe4 18. Nf4 d3 19. Bg4 Nxc5 20. Rc1 Qd6 21. Bd4 Nb7 22. b4 a5 23. Qb3 axb4 24. axb4 Ra4 25. Rb1 Kh7 26. Qc3 Rg8 27. Nxg6 fxg6 28. Rf7 Nd8 29. Rxg7+ Rxg7 30. Bxg7 d2 31. Bd4 Ra2 32. Rd1 Qb8 33. Rxd2 Ra4 34. Bc5 Nf7 35. Rd7 1-0

[Event "RUS-ch Women Blitz 2019"]
[Site "Sochi"]
[Date "2019.10.17"]
[Round "13.11"]
[White "Bivol, Alina"]
[Black "Fominykh, Maria"]
[Result "1/2-1/2"]
[ECO "A15"]
[WhiteElo "2371"]
[BlackElo "2206"]
[Annotator "NA"]
[PlyCount "68"]
[EventDate "2019.10.17"]
[EventType "swiss"]
[EventCountry "RUS"]
[SourceTitle "playchess.com"]
[Source "ChessBase"]
[SourceQuality "1"]
[TimeControl "180+2"]

1. c4 Nf6 2. g3 e5 3. Bg2 Nc6 4. Nc3 Bb4 5. e3 Bxc3 6. bxc3 d6 7. Ne2 Be6 8. Qa4 Qd7 9. d4 Bg4 10. f3 Bh5 11. O-O O-O 12. d5 Nd8 13. Qxd7 Nxd7 14. g4 Bg6 15. e4 Nb6 16. c5 dxc5 17. Ba3 Nd7 18. c4 b6 19. Nc3 a6 20. Bb2 Nb7 21. Rf2 Nd6 22. Bf1 f6 23. a4 h5 24. h3 Kf7 25. Bd3 Rh8 26. Kg2 Ke7 27. Ne2 h4 28. Nc3 Bf7 29. Bc1 g5 30. Rb2 a5 31. Be3 Nb8 32. Nb5 Nxb5 33. cxb5 Kd6 34. Bc4 Nd7 1/2-1/2

[Event "RUS-ch Women Blitz 2019"]
[Site "Sochi"]
[Date "2019.10.17"]
[Round "13.12"]
[White "Filippova, Darya"]
[Black "Lysenko, Margarita"]
[Result "0-1"]
[ECO "A22"]
[WhiteElo "2010"]
[BlackElo "2243"]
[Annotator "NA"]
[PlyCount "54"]
[EventDate "2019.10.17"]
[EventType "swiss"]
[EventCountry "RUS"]
[SourceTitle "playchess.com"]
[Source "ChessBase"]
[SourceQuality "1"]
[TimeControl "180+2"]

1. c4 e5 2. Nc3 Nf6 3. g3 d5 4. cxd5 Nxd5 5. Bg2 Nb6 6. Nf3 Nc6 7. O-O Be7 8. Rb1 a5 9. d3 O-O 10. Be3 Re8 11. Nd2 Nd4 12. Rc1 c6 13. Nce4 Nd5 14. Nc5 Nxe3 15. fxe3 Bxc5 16. Rxc5 Nf5 17. Qb3 Be6 18. Qxb7 Nxe3 19. Bxc6 Rb8 20. Qa7 Nxf1 21. Nxf1 Rf8 22. b3 Rb6 23. Qxa5 Qb8 24. Qc3 Qd6 25. Ne3 Rc8 26. b4 Rbxc6 27. Rxc6 Qxc6 0-1

[Event "RUS-ch Women Blitz 2019"]
[Site "Sochi"]
[Date "2019.10.17"]
[Round "14.1"]
[White "Bodnaruk, Anastasia"]
[Black "Belenkaya, Dina"]
[Result "1-0"]
[ECO "B01"]
[WhiteElo "2419"]
[BlackElo "2300"]
[Annotator "NA"]
[PlyCount "163"]
[EventDate "2019.10.17"]
[EventType "swiss"]
[EventCountry "RUS"]
[SourceTitle "playchess.com"]
[Source "ChessBase"]
[SourceQuality "1"]
[TimeControl "180+2"]

1. e4 d5 2. exd5 Qxd5 3. Nc3 Qa5 4. d4 c6 5. Nf3 Bf5 6. Bc4 e6 7. O-O Nf6 8. Qe2 Be7 9. Ne5 Nbd7 10. Bb3 O-O 11. Bf4 Nxe5 12. Bxe5 Rad8 13. Rad1 Bg6 14. Kh1 Rfe8 15. f3 Nd7 16. Bg3 Nf6 17. Rfe1 Bd6 18. Bxd6 Rxd6 19. Qe5 Qd8 20. Rd2 Qd7 21. Red1 Rd8 22. Qe3 Qc7 23. Ne2 Nd5 24. Bxd5 cxd5 25. c3 b5 26. Nf4 a5 27. h4 h6 28. g4 Bh7 29. Rg2 b4 30. g5 hxg5 31. Rxg5 f6 32. Nxe6 Rxe6 33. Qxe6+ Qf7 34. Qxf7+ Kxf7 35. Rg2 bxc3 36. bxc3 Rc8 37. Rc1 Rb8 38. Re2 Bd3 39. Rd2 Bc4 40. Kg2 a4 41. f4 a3 42. Re1 Rb7 43. Kg3 Kg6 44. Rf2 Kf5 45. Kf3 Bd3 46. Rd2 Be4+ 47. Kg3 Bb1 48. Rde2 Be4 49. Rd2 Rb2 50. Ree2 Rb1 51. Kf2 Rh1 52. Re1 Rh2+ 53. Ke3 Rh3+ 54. Kf2 Rh2+ 55. Ke3 Rh3+ 56. Ke2 Rxh4 57. Rg1 Rxf4 58. Rxg7 Rh4 59. Rg1 Rh2+ 60. Kd1 Rh3 61. Rf2+ Ke6 62. Kd2 Rd3+ 63. Ke2 Rxc3 64. Rg8 Rc2+ 65. Kf1 Rc1+ 66. Ke2 f5 67. Ra8 Rc3 68. Ra6+ Kd7 69. Kd2 Rc2+ 70. Ke3 Rc3+ 71. Kf4 Kc7 72. Ke5 Kb7 73. Ra4 Kb6 74. Rh2 Kb5 75. Ra7 Kc4 76. Rc7+ Kb4 77. Rb7+ Kc4 78. Rc7+ Kb4 79. Ra7 Rc6 80. Rh3 Rc2 81. Rb3+ Kc4 82. Rc7# 1-0

[Event "RUS-ch Women Blitz 2019"]
[Site "Sochi"]
[Date "2019.10.17"]
[Round "14.2"]
[White "Pogonina, Natalija"]
[Black "Tomilova, Elena"]
[Result "1/2-1/2"]
[ECO "A45"]
[WhiteElo "2479"]
[BlackElo "2345"]
[Annotator "ChessBase"]
[PlyCount "20"]
[EventDate "2019.10.17"]
[EventType "swiss"]
[EventCountry "RUS"]
[SourceTitle "playchess.com"]
[Source "ChessBase"]
[SourceQuality "1"]
[TimeControl "180+2"]

1. d4 Nf6 2. g3 d5 3. Bg2 c6 4. Nf3 Bf5 5. O-O e6 6. b3 h6 7. c4 Nbd7 8. Nc3 Bb4 9. Bb2 O-O 10. e3 Ne4 1/2-1/2

[Event "RUS-ch Women Blitz 2019"]
[Site "Sochi"]
[Date "2019.10.17"]
[Round "14.3"]
[White "Garifullina, Leya"]
[Black "Sukhareva, Evgeniya"]
[Result "0-1"]
[ECO "B42"]
[WhiteElo "2330"]
[BlackElo "2122"]
[Annotator "NA"]
[PlyCount "56"]
[EventDate "2019.10.17"]
[EventType "swiss"]
[EventCountry "RUS"]
[SourceTitle "playchess.com"]
[Source "ChessBase"]
[SourceQuality "1"]
[TimeControl "180+2"]

1. e4 c5 2. Nf3 e6 3. d4 cxd4 4. Nxd4 a6 5. Bd3 Qc7 6. O-O Nf6 7. Qe2 d6 8. c4 Be7 9. Nc3 Nc6 10. Nxc6 bxc6 11. f4 Nd7 12. Bc2 O-O 13. Be3 Rb8 14. Rab1 Bf6 15. Qd2 c5 16. b3 Rd8 17. Ne2 Bb7 18. Ng3 g6 19. Qe2 Nb6 20. f5 exf5 21. exf5 Re8 22. fxg6 Rxe3 23. Qg4 Rxg3 24. gxf7+ Kh8 25. Qxg3 Qxf7 26. Qxd6 Rf8 27. Qxb6 Bd4+ 28. Kh1 Qxf1+ 0-1

[Event "RUS-ch Women Blitz 2019"]
[Site "Sochi"]
[Date "2019.10.17"]
[Round "14.4"]
[White "Murashova, Ekaterina"]
[Black "Charochkina, Daria"]
[Result "1-0"]
[ECO "B00"]
[WhiteElo "2248"]
[BlackElo "2355"]
[Annotator "NA"]
[PlyCount "67"]
[EventDate "2019.10.17"]
[EventType "swiss"]
[EventCountry "RUS"]
[SourceTitle "playchess.com"]
[Source "ChessBase"]
[SourceQuality "1"]
[TimeControl "180+2"]

1. e4 d6 2. d4 Nf6 3. f3 c6 4. c4 Nbd7 5. Ne2 e5 6. Be3 Be7 7. Nbc3 O-O 8. Qd2 exd4 9. Nxd4 Ne5 10. Be2 Bd7 11. O-O Qc7 12. Rfd1 Rad8 13. Rac1 Bc8 14. Bf1 Rfe8 15. Qf2 Bf8 16. Nc2 b6 17. a4 c5 18. Bg5 Be6 19. Ne3 Kh8 20. Bxf6 gxf6 21. Ncd5 Qc6 22. Nxf6 Re7 23. Qh4 h6 24. Ned5 Rb7 25. f4 Ng6 26. Qh5 Bc8 27. Rc3 Bg7 28. Rg3 Qxa4 29. b3 Qc6 30. Rxg6 fxg6 31. Qxg6 Bxf6 32. Qxf6+ Rg7 33. Qxd8+ Rg8 34. Qxg8+ 1-0

[Event "RUS-ch Women Blitz 2019"]
[Site "Sochi"]
[Date "2019.10.17"]
[Round "14.5"]
[White "Chernyak, Viktoria"]
[Black "Maltsevskaya, Aleksandra"]
[Result "1-0"]
[ECO "E92"]
[WhiteElo "2284"]
[BlackElo "2333"]
[Annotator "NA"]
[PlyCount "128"]
[EventDate "2019.10.17"]
[EventType "swiss"]
[EventCountry "RUS"]
[SourceTitle "playchess.com"]
[Source "ChessBase"]
[SourceQuality "1"]
[TimeControl "180+2"]

1. c4 Nf6 2. Nf3 g6 3. Nc3 Bg7 4. e4 d6 5. d4 O-O 6. Be2 e5 7. Be3 Ng4 8. Bg5 f6 9. Bc1 Nc6 10. d5 Ne7 11. h3 Nh6 12. h4 Nf7 13. h5 g5 14. Be3 Bh6 15. Nd2 f5 16. f3 g4 17. Bxh6 Nxh6 18. Nf1 Kh8 19. exf5 gxf3 20. Bxf3 Nhxf5 21. Be4 Nd4 22. Qd2 Ng8 23. O-O-O a6 24. Nh2 b5 25. Nf3 b4 26. Ne2 Nf6 27. Bb1 Nxe2+ 28. Qxe2 Bg4 29. Qc2 e4 30. Ng5 Bf5 31. Rdf1 Nxd5 32. Qd2 e3 33. Qxd5 Qxg5 34. Rxf5 Qg7 35. Re1 Rae8 36. Rg5 Qf6 37. Rf5 Qh4 38. Rxf8+ Rxf8 39. Rxe3 Rf1+ 40. Kd2 Rf2+ 41. Re2 Qf4+ 42. Kd3 c6 43. Qe4 Qxe4+ 44. Rxe4 Rxb2 45. Re1 a5 46. g4 a4 47. Rc1 b3 48. axb3 Rxb3+ 49. Kc2 Rg3 50. Rd1 Rxg4 51. Ba2 Rg2+ 52. Kb1 a3 53. Rxd6 Rb2+ 54. Ka1 Rc2 55. Rxc6 Kg7 56. h6+ Kf7 57. Bb1 Rd2 58. Rc7+ Kf6 59. Rxh7 Ke5 60. Re7+ Kd6 61. Ra7 Kc5 62. h7 Rh2 63. Rxa3 Kxc4 64. Ra8 Kd5 1-0

[Event "RUS-ch Women Blitz 2019"]
[Site "Sochi"]
[Date "2019.10.17"]
[Round "14.6"]
[White "Lysenko, Margarita"]
[Black "Voit, Daria"]
[Result "0-1"]
[ECO "E20"]
[WhiteElo "2243"]
[BlackElo "2336"]
[Annotator "NA"]
[PlyCount "70"]
[EventDate "2019.10.17"]
[EventType "swiss"]
[EventCountry "RUS"]
[SourceTitle "playchess.com"]
[Source "ChessBase"]
[SourceQuality "1"]
[TimeControl "180+2"]

1. d4 Nf6 2. c4 e6 3. Nc3 Bb4 4. f3 c5 5. d5 O-O 6. e4 d6 7. Bd3 b5 8. Nge2 bxc4 9. Bxc4 exd5 10. exd5 Nbd7 11. Bg5 h6 12. Bh4 Ne5 13. Bb3 Ba6 14. O-O Bxc3 15. bxc3 Rb8 16. f4 Ng6 17. Be1 Re8 18. c4 Ng4 19. Bc3 Qh4 20. h3 Ne3 21. Qd3 Nxf1 22. Rxf1 Qe7 23. Rf2 Qe3 24. Qf5 Qe4 25. Qg4 Bxc4 26. Ng3 Qb1+ 27. Kh2 Bxb3 28. axb3 Rxb3 29. f5 Rxc3 30. fxg6 Qxg6 31. Qf4 Qxg3+ 32. Qxg3 Rxg3 33. Kxg3 Re5 34. Ra2 Rxd5 35. Rxa7 g6 0-1